AoeStats
← NuMa | CarritoDGolf

Nomad

509553112Analyzed
4v4 RM · 4d ago on Sep 27, 2026· 48m 14s· 8 players
Game mode
Random Map
Map size
231×231
Population
200
Speed
Normal
Resources
Standard
Victory
Conquest
Starting age
Dark Age
Ending age
Imperial Age
RankedLock teamsTeams togetherTeam positionsShared explorationLock speedFull tech treeHidden civsTurbo modeCheats
Victory
Defeat
🇨🇳 Vietnamese · China
1014
+16
🇦🇷 Burmese · Argentina
981
+17
🇵🇪 Cumans · Peru
969
+17
🇭🇰 Poles · Hong Kong SAR China
968
+17
🇨🇴 Berbers · Colombia
1027
-18
🇲🇽 Vietnamese · Mexico
1012
-17
🇲🇽 Franks · Mexico
987
-16
🇺🇸 Danes · United States
984
-16
NeessQuiick
15:24 Feudal Age
18:08 Scale Barding Armor
18:14 Forging
23:28 Castle Age
37:57 Husbandry
40:33 Fletching
thenewt7
4:52 Loom
16:55 Feudal Age
17:21 Double-Bit Axe
17:19 Fishing Lines
17:30 Horse Collar
18:33 Fletching
18:44 Padded Archer Armor
22:16 Castle Age
21:58 Arson
22:26 Forging
22:17 Scale Mail Armor
24:24 Medium Warships
24:10 Gillnets
26:32 Squires
27:38 Iron Casting
41:49 Bodkin Arrow
48:24 Imperial Age
omarUMP
6:14 Loom
16:21 Feudal Age
20:11 Castle Age
29:36 Double-Bit Axe
31:33 Elite Skirmisher
33:35 Fletching
35:28 Thumb Ring
35:39 Padded Archer Armor
35:57 Padded Archer Armor
37:33 Bodkin Arrow
37:56 Leather Archer Armor
NuMa | CarritoDGolf
6:23 Loom
15:45 Feudal Age
17:39 Double-Bit Axe
27:12 Castle Age
28:48 Bloodlines
28:39 Husbandry
31:20 Forging
34:02 Iron Casting
35:05 Bow Saw
36:14 Scale Barding Armor
39:03 Chain Barding Armor
40:12 Wheelbarrow
39:19 Horse Collar
44:03 Imperial Age
雪科第五中學
3:32 Loom
19:09 Feudal Age
26:54 Castle Age
25:36 Gold Mining
26:42 Fletching
27:49 Bodkin Arrow
28:37 Wheelbarrow
27:42 Demolition Ship
29:56 Medium Warships
35:21 Horse Collar
42:10 Imperial Age
40:03 Hand Cart
39:33 Town Watch
41:58 Stone Mining
42:07 Pikeman
42:48 Squires
42:33 Arson
42:09 Man-at-Arms
42:35 Gambesons
43:12 Long Swordsman
43:12 Halberdier
ko087389
5:20 Loom
13:51 Feudal Age
17:31 Castle Age
15:29 Double-Bit Axe
15:25 Fishing Lines
16:10 Fletching
16:21 Horse Collar
18:43 Bow Saw
18:29 Gillnets
26:10 Wheelbarrow
26:08 Town Watch
26:27 Heavy Plow
26:46 Gold Mining
27:02 Bodkin Arrow
28:21 Hand Cart
31:06 Stone Mining
32:17 Stone Shaft Mining
35:25 Imperial Age
33:16 Padded Archer Armor
34:12 Leather Archer Armor
34:45 Thumb Ring
35:04 Husbandry
35:15 Bloodlines
35:32 Heavy Cavalry Archer
36:45 Bracer
37:24 Ballistics
39:06 Paper Money
39:51 Two-Man Saw
39:34 Ring Archer Armor
41:10 Chemistry
39:58 Elite Skirmisher
40:51 Imperial Skirmisher
43:34 Crop Rotation
43:30 Siege Engineers
43:06 Treadmill Crane
rush then rush
8:00 Loom
20:41 Feudal Age
22:03 Wheelbarrow
21:14 Double-Bit Axe
21:12 Horse Collar
25:35 Castle Age
26:11 Bloodlines
26:29 Bow Saw
26:20 Heavy Plow
26:27 Husbandry
25:55 Light Cavalry
28:13 Forging
28:39 Scale Barding Armor
31:06 Iron Casting
32:40 Chain Barding Armor
41:31 Gold Mining
42:24 Hand Cart
42:21 Pikeman
43:03 Squires
43:09 Scale Mail Armor
Naery Valentina
7:52 Loom
15:26 Feudal Age
19:38 Man-at-Arms
20:47 Scale Mail Armor
21:23 Forging
31:21 Castle Age
31:27 Long Swordsman
32:50 Squires
32:36 Arson
33:38 Iron Casting
33:18 Chain Mail Armor
36:02 Pikeman
38:40 Capped Ram
47:21 Gold Mining
47:21 Stone Mining
Connection lost

Rejoining the realm…

Still unreachable

The connection could not be restored.

Session expired

The server has moved on; the page needs a fresh start.